 Dungeon Crawl Stone Soup version 0.18.1-50-g88ac8fd (webtiles) character file.

462 Dioneo the Magician (level 6, 0/32 HPs)
             Began as a Deep Elf Fire Elementalist on Oct 14, 2016.
             Was an Initiate of Sif Muna.
             Slain by Pikel
             ... wielding a +0 whip of flaming
              (4 damage)
             ... on level 4 of the Dungeon.
             The game lasted 00:14:23 (4113 turns).

Dioneo the Magician (Deep Elf Fire Elementalist)    Turns: 4113, Time: 00:14:24

Health: 0/32       AC:  7    Str:  5    XL:     6   Next: 79%
Magic:  3/16       EV: 13    Int: 22    God:    Sif Muna [......]
Gold:   216        SH:  0    Dex: 15    Spells: 5 memorised, 0 levels left

rFire  . . .     SeeInvis .     n - +3 quarterstaff (chaos)
rCold  . . .     Gourm    .     x - +2 robe {rN+}
rNeg   + . .     Faith    .     (shield currently unavailable)
rPois  .         Spirit   .     (no helmet)
rElec  .         Dismiss  .     d - +2 cloak {+Inv}
rCorr  .         Reflect  .     (no gloves)
SustAt .         Harm     .     (no boots)
MR     .....                    (no amulet)
Stlth  ++........               (no ring)
                                (no ring)

@: very slightly contaminated, not resistant to hostile enchantments, unstealthy
A: no striking features
a: Renounce Religion, Evoke Invisibility


You were on level 4 of the Dungeon.
You worshipped Sif Muna.
Sif Muna was noncommittal.
You were hungry.

You visited 2 branches of the dungeon, and saw 5 of its levels.

You collected 216 gold pieces.

Inventory:

Hand Weapons
 f - a +0 short sword
 n - a +3 quarterstaff of chaos (weapon)
 s - a +3 dagger
Armour
 d - a +2 cloak of invisibility (worn)
 x - a +2 robe of positive energy (worn)
Jewellery
 q - the ring of Quamp {rElec rN++ MP+9 Str-5 Int+4}
   (You found it on level 4 of the Dungeon)

   [ring of magical power]

   It affects your strength (-5).
   It affects your intelligence (+4).
   It insulates you from electricity.
   It greatly protects you from negative energy.
   It affects your magic capacity (+9).
Scrolls
 e - a scroll of recharging
 g - a scroll of magic mapping
 h - a scroll of enchant weapon {unknown}
 p - a scroll of enchant armour
Potions
 j - a potion of flight
 k - a potion of invisibility {unknown}
 l - a potion of magic {unknown}
 m - 4 potions of heal wounds
 o - a potion of curing {unknown}
 r - 2 potions of brilliance {unknown}
 t - a potion of agility {unknown}
 u - a potion of lignification {unknown}
 v - a potion of cancellation {unknown}
Books
 b - a book of Flames

   Spells                             Type                      Level
   a - Flame Tongue                   Conjuration/Fire             1
   b - Throw Flame                    Conjuration/Fire             2
   c - Conjure Flame                  Conjuration/Fire             3
   d - Inner Flame                    Hexes/Fire                   3
   e - Sticky Flame                   Conjuration/Fire             4
   f - Fireball                       Conjuration/Fire             5
Comestibles
 a - 2 chunks of flesh
 c - a bread ration
 i - a meat ration


   Skills:
 + Level 0.2 Fighting
 - Level 2.4 Dodging
 - Level 2.4 Stealth
 + Level 5.4 Spellcasting
 + Level 5.4 Conjurations
 + Level 5.2 Fire Magic


You couldn't memorise any spells.
You knew the following spells:

 Your Spells              Type           Power        Failure   Level  Hunger
a - Flame Tongue          Conj/Fire      ####.        1%          1    None
b - Throw Flame           Conj/Fire      ####..       1%          2    None
c - Conjure Flame         Conj/Fire      ####....     3%          3    ##.....
d - Sticky Flame          Conj/Fire      ####....     12%         4    ####...
e - Fireball              Conj/Fire      ####......   34%         5    #####..


Dungeon Overview and Level Annotations

Branches:
Dungeon (4/15)             Temple (1/1) D:4

Altars:
Elyvilon
Fedhas
Nemelex Xobeh
Okawaru
Pakellas
Sif Muna
Yredelemnul
The Shining One

Annotations:
D:4 Pikel


Message History

Aim: Pikel, wielding a whip of flaming and wearing a robe (heavily wounded, berserk, fast, unusually strong, covered in liquid flames)
The sticky flame hits Pikel.
Pikel is heavily wounded.
Pikel is covered in liquid flames!
Pikel burns!
Pikel hits you but does no damage. Pikel barely misses you.
Casting: Sticky Flame
Confirm with . or Enter, or press ? or * to list all spells.
You don't have enough magic to cast that spell.
Unknown command.
Pikel burns!
Pikel burns!
Pikel barely misses you.
Drink which item? (? for menu, Esc to quit)
Okay, then.
Pikel burns!
Pikel burns!
Pikel misses you.
Pikel burns!
Pikel burns!
Pikel hits you with a whip of flaming!
* * * LOW HITPOINT WARNING * * *
Pikel burns you.
You die...

#.#.......#
#.#.###.### #.# #.#
#.# #.# ###.# #.#
#...# #.#.# #.###
#.#.# #
#...#.#.#.####
#.####.#.#.#..@.#
#...[..#.#.####K#
##########.#.####.#
....# #.......#.#
###.# #..p....#.#
#.# #...p..(#.# #.#
##.#p####.# ###.#
#.#.# #p# ....# #
#.####.#


You could see Pikel (berserk) and a slave.

Vanquished Creatures
  A slave (D:4)
  An ogre (D:3)
  Blork the orc (D:4)
  A scorpion (D:4)
  A giant frog zombie (D:4)
  A hound (D:4)
  Crazy Yiuf (D:2)
  An orc wizard (D:3)
  A gnoll (D:1)
  4 adders
  2 oozes (D:4)
  2 dart slugs (D:2)
  2 giant geckos
  9 orcs
  A ball python (D:3)
  5 bats
  4 giant cockroaches
  6 goblins
  10 hobgoblins
  7 jackals
  6 kobolds
  2 quokkas
  4 giant newts (D:2)
  11 rats
84 creatures vanquished.

Notes
Turn   | Place    | Note
--------------------------------------------------------------
     0 | D:1      | Dioneo the Deep Elf Fire Elementalist began the quest for the Orb.
     0 | D:1      | Reached XP level 1. HP: 10/10 MP: 6/6
   256 | D:1      | Reached XP level 2. HP: 14/15 MP: 0/8
   502 | D:1      | Learned a level 2 spell: Throw Flame
  1004 | D:2      | Reached XP level 3. HP: 18/19 MP: 7/9
  1167 | D:2      | Learned a level 3 spell: Conjure Flame
  1168 | D:2      | Noticed Crazy Yiuf
  1215 | D:2      | Killed Crazy Yiuf
  1465 | D:2      | Reached XP level 4. HP: 24/24 MP: 6/11
  1577 | D:2      | Learned a level 4 spell: Sticky Flame
  1944 | D:2      | Found an oddly glowing altar of Pakellas.
  2506 | D:3      | Found a blossoming altar of Fedhas.
  2508 | D:3      | Noticed an ogre
  2518 | D:3      | Killed an ogre
  2518 | D:3      | Reached XP level 5. HP: 28/28 MP: 4/13
  3157 | D:4      | Reached XP level 6. HP: 31/32 MP: 13/15
  3190 | D:4      | Found a staircase to the Ecumenical Temple.
  3200 | Temple   | Entered the Ecumenical Temple
  3376 | Temple   | Became a worshipper of Sif Muna the Loreminder
  3605 | D:4      | Got a heavily runed bone ring
  3625 | D:4      | Lost strength.
  3625 | D:4      | Identified the ring of Quamp {rElec rN++ MP+9 Str-5 Int+4} (You found it on level 4 of the Dungeon)
  3723 | D:4      | Reached skill level 5 in Spellcasting
  3831 | D:4      | Noticed Blork the orc
  3838 | D:4      | Killed Blork the orc
  3838 | D:4      | Reached skill level 5 in Conjurations
  3838 | D:4      | Reached skill level 5 in Fire Magic
  4011 | D:4      | Learned a level 5 spell: Fireball
  4084 | D:4      | Noticed a slave
  4085 | D:4      | Noticed a slave
  4086 | D:4      | Noticed Pikel
  4093 | D:4      | Noticed a slave
  4094 | D:4      | Noticed a slave
  4099 | D:4      | Killed a slave
  4113 | D:4      | Slain by Pikel

Skill      XL: |  1  2  3  4  5  6 |
---------------+-------------------+-----
Conjurations   | 2 3 4 5 |  5.4
Fire Magic     | 4 5 |  5.2
Spellcasting   | 4 5 |  5.4
Fighting       | |  0.2
Dodging        | |  2.4
Stealth        | |  2.4

Action                   |  1- 3 |  4- 6 || total
-------------------------+-------+-------++-------
Melee: Short sword       |     8 |       ||     8
       Quarterstaff      |       |    44 ||    44
 Cast: Flame Tongue      |    32 |    77 ||   109
       Throw Flame       |     4 |    18 ||    22
       Conjure Flame     |     1 |     3 ||     4
       Sticky Flame      |       |     3 ||     3
  Use: Scroll            |     2 |     3 ||     5
 Stab: Sleeping          |       |     2 ||     2
  Eat: Chunk             |     2 |     8 ||    10
Armor: Robe              |     2 |    17 ||    19
Dodge: Dodged            |    13 |    40 ||    53
